 Dungeon Crawl Stone Soup version 0.31-a0-803-g95b03c3367 (webtiles) character file.

Game seed: 3765167826948800009

330633 Ge0ff the Skinwalker (level 20, -15/172 HPs)
             Began as a Troll Shapeshifter on Sept 20, 2023.
             Was a High Priest of Makhleb.
             Shot with a bolt by a yaktaur captain (35 damage)
             ... on level 1 of the Vaults on Sept 21, 2023.
             The game lasted 02:23:09 (44844 turns).

Ge0ff the Skinwalker (Troll Shapeshifter)          Turns: 44844, Time: 02:23:10

Health: -15/172    AC: 11    Str: 31    XL:     20   Next: 47%
Magic:  0/39       EV: 28    Int:  6    God:    Makhleb [*****.]
Gold:   1805       SH:  0    Dex: 11    Spells: 14/19 levels left

rFire   . .          .
                       - Unarmed
rCold   . . .        z - melded +4 kite shield {reflect}
rNeg    + + .        Q - melded quicksilver dragon scales
rPois   ∞            (helmet currently unavailable)
rElec   +            A - melded +2 cloak
rCorr   .            (gloves unavailable)
SInv    .            (boots unavailable)
Will    +....        e - amulet of guardian spirit
Stlth   ++           a - ring of Washrumeo {rN++ Will- MP+9 Slay+2}
HPRegen 1.28/turn    U - ring of willpower
MPRegen 0.26/turn

%: guardian spirit
@: storm-form, marked, blinkbolt cooldown, flying, slowed, studying Staves, very
slow
A: cleaving, insubstantial, flying, reduced hp, large, unfitting armour, (claws
3), regeneration 1, (shaggy fur 1), (tough skin 1)
}: 3/15 runes: serpentine, barnacled, abyssal
a: Blinkbolt, Begin Untransformation, Renounce Religion, Minor Destruction,
Lesser Servant of Makhleb, Major Destruction, Greater Servant of Makhleb


You were on level 1 of the Vaults.
You worshipped Makhleb.
Makhleb was extremely pleased with you.
You were a lightning-filled tempest!
You visited 7 branches of the dungeon, and saw 34 of its levels.
You visited the Abyss 3 times.
You also visited: Ossuary and Ice Cave.

You collected 6017 gold pieces.
You spent 4212 gold pieces at shops.

Inventory:

Missiles
 b - 5 darts of dispersal
 g - a throwing net {=F}
 i - 4 silver javelins
 l - 17 javelins
 t - 19 boomerangs
 v - 10 curare-tipped darts {=F}
Armour
 z - a +4 kite shield of reflection (melded)
 A - a +2 cloak (melded)
 G - a +2 robe of resistance
 Q - quicksilver dragon scales (melded)
Jewellery
 a - the ring of Washrumeo (left fist) {rN++ Will- MP+9 Slay+2}
   (You found it on level 5 of the Lair of Beasts)

   [ring of magical power]

   Slay+2:    It affects your accuracy & damage with ranged weapons and melee
   (+2).
   rN++:      It greatly protects you from negative energy.
   Will-:     It decreases your willpower.
   MP+9:      It affects your magic capacity (+9).
 e - an amulet of guardian spirit (around neck)
 h - a +5 ring of evasion
 j - a +4 ring of protection
 w - the ring of Attitude {rElec Str+6}
   (You found it in an ice cave)

   [ring of strength]

   Str+6:     It affects your strength (+6).
   rElec:     It insulates you from electricity.
 x - a ring of fire
 D - an amulet of regeneration
 U - a ring of willpower (right fist)
 Y - a ring of protection from cold
Talismans
 r - a storm talisman (active)
 J - a beast talisman
Wands
 d - a wand of digging (15)
 k - a wand of iceblast (7)
 p - a wand of paralysis (54)
 s - a wand of mindburst (30)
 P - a wand of polymorph (21)
Scrolls
 m - 4 scrolls of revelation
 y - a scroll of immolation
 B - a scroll of blinking
 C - a scroll of poison
 E - 4 scrolls of fear
 F - 6 scrolls of fog
 S - a scroll of butterflies
 T - 6 scrolls of teleportation
 V - 4 scrolls of vulnerability
Potions
 o - 3 potions of ambrosia
 q - 18 potions of curing
 u - 5 potions of mutation {!q}
 H - a potion of haste {!q}
 I - 4 potions of invisibility
 K - 7 potions of magic {!q}
 L - 6 potions of lignification
 M - 4 potions of might
 N - 3 potions of cancellation {!q}
 R - 3 potions of resistance
 W - 2 potions of heal wounds {!q}
 X - 6 potions of enlightenment
 Z - 2 potions of berserk rage {!q}
Miscellaneous
 c - a condenser vane (inert)
 n - a phial of floods (inert)
 O - a box of beasts


   Skills:
 - Level 11.0 Fighting
 - Level 6.0 Throwing
 - Level 8.0 Armour
 - Level 5.0 Dodging
 - Level 2.0 Stealth
 - Level 6.0 Shields
 - Level 14.1 Unarmed Combat
 - Level 15.0 Invocations
 - Level 8.0 Evocations
 * Level 21.8 Shapeshifting


You had 14 spell levels left.
You knew the following spells:

 Your Spells              Type           Power      Damage    Failure   Level
g - Apportation           Tloc           0%         N/A       45%         1
j - Lesser Beckoning      Tloc           0%         N/A       58%         2
B - Blink                 Tloc           0%         N/A       58%         2

Your spell library contained the following spells:

 Spells                   Type           Power      Damage    Failure   Level
 Kiss of Death            Conj/Necr      0%         2d5       45%         1
 Sandblast                Erth           0%         2d4       45%         1
 Slow                     Hex            0%         N/A       45%         1
 Jinxbite                 Hex            0%         N/A       58%         2
 Momentum Strike          Conj/Tloc      0%         3d8       58%         2
 Poisonous Vapours        Pois/Air       0%         N/A       58%         2
 Scorch                   Fire           0%         2d5       58%         2
 Confusing Touch          Hex            0%         N/A       83%         3
 Dazzling Flash           Conj/Hex       0%         N/A       83%         3
 Frozen Ramparts          Ice            0%         1d1       83%         3
 Inner Flame              Hex/Fire       0%         N/A       83%         3
 Mephitic Cloud           Conj/Pois/Air  0%         N/A       83%         3
 Sigil of Binding         Hex            0%         N/A       83%         3
 Summon Guardian Golem    Hex/Summ       0%         N/A       83%         3
 Vampiric Draining        Necr           0%         2d6       83%         3
 Volatile Blastmotes      Fire/Tloc      0%         2d10      83%         3
 Animate Dead             Necr           0%         N/A       99%         4
 Dispel Undead            Necr           0%         3d6       99%         4
 Flame Wave               Conj/Fire      0%         2d4       99%         4
 Leda's Liquefaction      Hex/Erth       0%         N/A       99%         4
 Olgreb's Toxic Radiance  Pois           0%         N/A       99%         4
 Petrify                  Tmut/Erth      0%         N/A       99%         4
 Sticky Flame             Conj/Fire      0%         2d3       99%         4
 Summon Ice Beast         Ice/Summ       0%         N/A       99%         4
 Vhi's Electric Charge    Tloc/Air       0%         N/A       99%         4
 Alistair's Intoxication  Tmut/Pois      0%         N/A       100%        5
 Arcjolt                  Conj/Air       0%         1d10      100%        5
 Freezing Cloud           Conj/Ice/Air   0%         6-21      100%        5
 Metabolic Englaciation   Hex/Ice        0%         N/A       100%        5
 Summon Forest            Summ/Tloc      0%         N/A       100%        5
 Summon Mana Viper        Hex/Summ       0%         N/A       100%        5
 Yara's Violent Unravell  Hex/Tmut       0%         3d3       100%        5
 Eringya's Noxious Bog    Tmut/Pois      0%         4d6       100%        6
 Simulacrum               Ice/Necr       0%         N/A       100%        6
 Starburst                Conj/Fire      0%         6d3       100%        6
 Summon Cactus Giant      Summ           0%         N/A       100%        6
 Enfeeble                 Hex            0%         N/A       100%        7
 Haunt                    Necr/Summ      0%         N/A       100%        7
 Monstrous Menagerie      Summ           0%         N/A       100%        7
 Ozocubu's Refrigeration  Ice            0%         4d7       100%        7
 Spellforged Servitor     Conj/Summ      0%         N/A       100%        7
 Summon Hydra             Summ           0%         N/A       100%        7
 Discord                  Hex            0%         N/A       100%        8
 Ignition                 Fire           0%         3d3       100%        8
 Infestation              Necr           0%         N/A       100%        8
 Maxwell's Capacitive Co  Air            0%         ∞         100%        8
 Polar Vortex             Ice            0%         N/A       100%        9


Dungeon Overview and Level Annotations

Branches:
Dungeon (15/15) Zot: 25491  Temple (0/1) D:7            Lair (5/5) D:10 Zot: 22435
 Shoals (4/4) Lair:2 Zot: 18261   Snake (4/4) Lair:3 Zot: 18501   Slime (0/5) Lair:5
    Orc (2/2) D:11 Zot: 10095     Elf (3/3) Orc:2 Zot: 11142  Vaults (1/5) D:13 Zot: 5988
 Depths (0/4) D:15        Ossuary (visited)           IceCv (visited)

Altars:
Fedhas
Makhleb
Uskayaw
Vehumet
Wu Jian
The Shining One
Jiyva

Shops:
D:5 !   Orc:2 (!?(*   Elf:2 (   Shoals:3 *   Snake:2 [(


Innate Abilities, Weirdness & Mutations

You are a lightning-filled tempest!
Your electrical attacks strike out in all directions at once.
You are incredibly evasive.
Your insubstantial body is immune to petrification, constriction, and being set on fire You are flying.
Your maximum health is decreased, since you lack skill for your form.
Your armour is entirely melded.
You are incapable of wielding weapons or throwing items.
You are too large for most types of armour.
You are immune to poison.
((You have claws for hands.))
Your natural rate of healing is unusually fast.
((You are covered in fur. (AC +1)))
((You have tough skin. (AC +1)))


Message History

You kill the vault guard!
Makhleb accepts your kill.
You feel better.
You closely miss the vault guard. You barely miss the vault guard.
The vault guard is almost dead.
The yaktaur wields a +0 arbalest.
The yaktaur shoots a bolt.
The bolt hits you! The vault guard misses you.
The yaktaur captain shoots a bolt.
The bolt hits you!
You completely miss the vault guard. Your punch misses the vault guard.
The vault guard is almost dead.
The sphinx casts a spell.
Something smites you!
The vault guard hits you with a +0 long sword!!
The lindwurm breathes flames at you. The blast of flame misses you.
The yaktaur shoots a bolt.
The bolt closely misses you.
The yaktaur captain shoots a bolt.
The bolt hits you!
You batter the ironbound convoker!!
Lightning courses through the ironbound convoker!
The ironbound convoker is severely wounded.
You barely miss the vault guard.
The vault guard hits you with a +0 long sword!
The ironbound convoker hits you with a +0 great mace.
You buffet the ironbound convoker!
The ironbound convoker is almost dead.
You blast the vault guard!!!
You kill the vault guard!
Makhleb accepts your kill.
You feel better.
The yaktaur shoots a bolt.
The bolt closely misses you.
The bolt hits the sphinx!
The yaktaur captain shoots a bolt.
The bolt hits you!!
* * * LOW HITPOINT WARNING * * *
You barely miss the ironbound convoker.
The ironbound convoker is almost dead.
You buffet the sphinx!
You barely miss the yaktaur.
A lindwurm comes into view.
The ironbound convoker completely misses you.
The sphinx hits you but does no damage. The sphinx hits you!
* * * LOW HITPOINT WARNING * * *
The sphinx hits you.
* * * LOW HITPOINT WARNING * * *
The yaktaur unwields a +0 arbalest.
The yaktaur misses you.
The yaktaur captain shoots a bolt.
The bolt hits you!!!
* * * LOW HITPOINT WARNING * * *
You feel much better.
The sphinx mumbles some strange words.
You feel yourself slow down.
The ironbound convoker closely misses you.
The yaktaur captain shoots a bolt.
The bolt hits you!!
You die...

,,,,,,,,,,,,,,,,,,,,,,,,,,,,,,,,,
*********###############+********
##...##########,,,***,,,
#.....########.,,,,**,,,
#..............,,,,**,,,
#.......####c..,,,,**,,, ******
##.....c.c.....,,,***,,, ,,,,,*
####...>)c##....,,** *,,, ,,,,,*
####...Hvp......,,* **** ,,,,,*
####.#.)k####...*,* ,,>,,*
####.#.#.####.#.*,* ,,,,,*
####.#.#.####.#.*,* ,,,,,*
####.#..k####...*,* ,,,,,*
####............,,* ,,,,,*
####...∩..##.k..,,** ******
###.............,,,**
##...(...####..,,,,,*


You could see a sphinx, a yaktaur captain, 2 lindwurms, an ironbound convoker
and 2 yaktaurs.

Vanquished Creatures
  A juggernaut (Abyss:5)
  Nikola (Elf:2)
  2 tentacled monstrosities
  Jorgrun (Orc:1)
  3 deep elf blademasters
  2 deep elf master archers (Elf:3)
  An ancient champion (Elf:1)
  3 tentacled starspawn
  A thorn hunter (Abyss:4)
  A storm dragon (Shoals:4)
  Aizul (Snake:4)
  6 nagarajas
  Ilsuiw (Shoals:3)
  A vault warden (Vaults:1)
  4 deep elf sorcerers (Elf:3)
  An angel (Abyss:5)
  5 deep elf elementalists (Elf:3)
  2 curse skulls (Elf:1)
  2 ophanim (Abyss:5)
  An orc warlord (Orc:1)
  The ghost of Dopuerchorowk the Grappler, a journeyman TrFi of Wu Jian (Lair:2)
  A vampire knight (Elf:1)
  5 deep elf annihilators (Elf:3)
  4 deep elf demonologists (Elf:3)
  A minotaur (Shoals:2)
  12 deep elf death magi
  11 merfolk impalers
  6 merfolk javelineers
  An ettin (D:13)
  A deep elf high priest (Elf:3)
  2 jiangshi (Elf:1)
  An entropy weaver (Abyss:4)
  Josephine (Lair:4)
  A rakshasa (Abyss:3)
  An alligator snapping turtle (Shoals:4)
  Fannar (D:10)
  An ice dragon (IceCv)
  A salamander tyrant (Snake:4)
  2 alligators (Snake:1)
  3 vault guards (Vaults:1)
  A hydra (Snake:1)
  A merfolk avatar (Shoals:3)
  Erica (D:10)
  3 centaur warriors
  3 ogre magi (D:15)
  5 catoblepae
  7 anacondas
  23 dancing weapons
  6 naga warriors
  8 two-headed ogres
  3 merfolk aquamancers
  3 boulder beetles
  5 satyrs
  3 thrashing horrors (Abyss:5)
  15 death yaks
  13 naga sharpshooters
  3 large abominations
  Urug (Lair:1)
  3 orc high priests
  A shock serpent (Snake:3)
  17 deep elf knights
  A wretched star (Abyss:5)
  A sixfirhy (Abyss:5)
  7 salamander mystics
  An iron troll (D:13)
  Lodul (D:10)
  2 spatial maelstroms
  3 skysharks
  3 sea snakes
  6 swamp dragons
  A flayed ghost (Abyss:3)
  2 cherubim (Abyss:5)
  13 deep elf archers
  A lindwurm (Lair:5)
  4 naga ritualists
  An ironbound convoker (Vaults:1)
  2 orc knights
  A phantasmal warrior (Elf:1)
  3 bog bodies (Shoals:1)
  5 ugly things (D:15)
  26 deep elf pyromancers
  A harpy (Shoals:4)
  14 deep elf zephyrmancers
  5 orc sorcerers
  3 worldbinders (Abyss:3)
  6 mana vipers
  2 salamanders (Snake:4)
  5 cyclopes
  13 manticores
  A guardian serpent (Snake:4)
  6 merfolk sirens
  15 fauns
  8 elephants
  2 smoke demons
  6 water nymphs
  A rust devil (Abyss:3)
  36 black mambas
  A torpor snail (Lair:3)
  11 naga magi
  17 cane toads
  2 ice statues (IceCv)
  3 kobold demonologists (D:7)
  10 komodo dragons
  6 rime drakes
  An efreet (Abyss:3)
  A yaktaur (shapeshifter) (D:15)
  An ancient zyme (Abyss:5)
  22 merfolk
  3 polar bears
  11 trolls
  3 freezing wraiths
  2 burning bushes (Lair:5)
  5 starcursed masses (Abyss:4)
  14 wind drakes
  3 meliai (Shoals:2)
  2 hornets (Lair:2)
  8 raiju
  11 blink frogs
  14 dream sheep
  10 slime creatures
  6 snapping turtles
  A spriggan (shapeshifter) (D:15)
  Sigmund (D:4)
  8 air elementals
  A flying skull (Elf:1)
  63 yaks
  5 wraiths
  3 spriggans (Lair:2)
  A shadow (D:11)
  5 wyverns
  A centaur simulacrum (D:11)
  24 water elementals
  Grum (D:10)
  4 fire elementals
  3 steam dragons
  12 vampire mosquitoes
  4 basilisks
  A neqoxec (Abyss:4)
  A chaos spawn (Abyss:5)
  3 swamp worms (Snake:1)
  8 redbacks (D:15)
  The ghost of gabibbone the Insei, an amateur OpSh (D:3)
  5 wargs
  11 water moccasins
  22 nagas
  A floating eye (shapeshifter) (D:13)
  3 acid dragons
  2 sky beasts (D:8)
  23 orc warriors
  3 ice beasts
  A black bear (Lair:2)
  19 wolves
  11 ogres
  2 phantoms (D:5)
  5 centaurs
  An elf simulacrum (Elf:1)
  3 kobold brigands
  3 bullfrogs
  3 gnoll sergeants
  A wyvern zombie (D:3)
  4 scorpions
  17 wights
  3 lindwurm simulacra (IceCv)
  2 electric eels
  5 howler monkeys
  5 komodo dragon simulacra (IceCv)
  A centaur zombie (Ossuary)
  6 hounds
  A bullfrog skeleton (D:3)
  A jelly (D:7)
  4 human zombies (Ossuary)
  36 orc priests
  2 sleepcaps
  Terence (D:3)
  5 iguanas
  21 orc wizards
  2 mummies (Ossuary)
  A killer bee simulacrum (D:8)
  15 gnolls
  9 acid dragon simulacra (IceCv)
  12 adders
  A white imp (D:8)
  4 steam dragon simulacra (IceCv)
  3 worms
  4 dart slugs
  64 orcs
  3 endoplasms
  6 giant cockroaches
  8 goblins
  11 hobgoblins
  10 jackals
  16 kobolds
  4 quokkas
  8 ball pythons
  5 bats
  A frilled lizard (D:2)
  3 goblin zombies (Ossuary)
  10 hobgoblin zombies (Ossuary)
  6 kobold zombies (Ossuary)
  12 orc zombies (Ossuary)
  9 rats
  A rat zombie (Ossuary)
  3 starspawn tentacles
1212 creatures vanquished.

Vanquished Creatures (collateral kills)
  Polyphemus (Shoals:3)
  A thorn hunter (Snake:1)
  Louise (Snake:1)
  An eidolon (Elf:1)
  2 merfolk impalers
  A merfolk javelineer (Shoals:4)
  Harold (Orc:1)
  A hydra (Snake:1)
  12 dancing weapons
  An alligator (Snake:1)
  2 anacondas
  A two-headed ogre (D:11)
  8 merfolk aquamancers
  A deep troll earth mage (D:15)
  A shock serpent (Snake:3)
  6 orc high priests
  6 deep elf knights
  A naga warrior (Snake:1)
  5 naga sharpshooters
  A skeletal warrior (D:15)
  A sea snake (Shoals:1)
  A salamander mystic (Snake:4)
  3 deep elf archers
  A flayed ghost (D:15)
  4 naga ritualists
  4 orc sorcerers
  6 deep elf pyromancers
  9 deep elf zephyrmancers
  2 mana vipers
  4 manticores
  3 cyclopes
  10 black mambas
  2 spectral elves (Elf:1)
  2 naga magi (Snake:4)
  2 cane toads (Lair:3)
  A water nymph (Shoals:4)
  Maggie (Lair:1)
  A komodo dragon (Lair:5)
  A meliai (Shoals:2)
  6 merfolk
  A polar bear (Lair:2)
  2 snapping turtles
  A wind drake (Shoals:3)
  2 blink frogs (Lair:1)
  3 air elementals
  5 water elementals
  A basilisk (D:12)
  2 fire elementals
  3 vampire mosquitoes
  2 wargs
  An acid dragon (D:12)
  4 nagas
  2 swamp worms (Snake:1)
  2 water moccasins (Lair:5)
  A swamp drake (Snake:1)
  5 orc warriors
  3 ogres
  3 wolves (Lair:2)
  6 elf simulacra (Elf:1)
  11 orc priests
  15 orc wizards
  13 orcs
  2 kobolds (D:9)
208 creatures vanquished.

Vanquished Creatures (others)
  A merfolk impaler (Shoals:4)
  A deep elf knight (Elf:3)
  A deep elf pyromancer (Elf:1)
  A manticore (Shoals:4)
  A deep elf zephyrmancer (Elf:1)
  A golden eye (Abyss:3)
  An orc wizard (Orc:1)
  8 starspawn tentacles
15 creatures vanquished.

Grand Total: 1435 creatures vanquished

Notes
Turn   | Place    | Note
-------+----------+-------------------------------------------
     0 | D:1      | Ge0ff the Troll Shapeshifter began the quest for the Orb.
     0 | D:1      | Reached XP level 1. HP: 18/18 MP: 0/0
    63 | D:1      | Reached skill level 1 in Fighting
   197 | D:1      | Got a curious book
   260 | D:1      | Reached XP level 2. HP: 27/27 MP: 1/1
   326 | D:1      | Reached skill level 1 in Stealth
   604 | D:1      | Reached XP level 3. HP: 33/33 MP: 2/2
   694 | D:1      | You fall into a shaft and drop 1 floor!
  1421 | D:3      | Found a faded altar of an unknown god.
  1425 | D:3      | Prayed at the altar of an unknown god.
  1425 | D:3      | Became a worshipper of Makhleb the Destroyer
  1425 | D:3      | Reached * piety under Makhleb
  1533 | D:3      | Reached XP level 4. HP: 39/41 MP: 3/3
  1729 | D:3      | Found a runed translucent gate.
  1729 | D:3      | Found a runed translucent gate.
  1729 | D:3      | Found a runed translucent gate.
  1730 | D:3      | Noticed gabibbone's ghost (amateur OpSh)
  1747 | D:3      | Noticed Terence
  2268 | D:3      | Reached skill level 4 in Shapeshifting
  2409 | D:4      | Noticed a scorpion
  2415 | D:4      | Killed a scorpion
  2416 | D:4      | Reached XP level 5. HP: 48/48 MP: 4/4
  2721 | D:4      | Reached skill level 1 in Throwing
  2721 | D:4      | Reached skill level 5 in Shapeshifting
  2793 | D:4      | Reached ** piety under Makhleb
  2815 | D:4      | Noticed Sigmund
  2830 | D:4      | Killed Sigmund
  2831 | D:4      | Reached XP level 6. HP: 22/61 MP: 5/5
  3557 | D:5      | Entered Level 5 of the Dungeon
  3579 | D:5      | Reached XP level 7. HP: 64/67 MP: 6/6
  3636 | D:5      | Reached skill level 1 in Invocations
  3660 | D:5      | Reached skill level 1 in Evocations
  4189 | D:5      | Found Ynutsom's Distillery.
  4218 | D:5      | Bought a potion of curing for 39 gold pieces
  4218 | D:5      | Bought a potion of degeneration for 13 gold pieces
  4218 | D:5      | Bought a potion of heal wounds for 65 gold pieces
  4218 | D:5      | Bought a potion of berserk rage for 65 gold pieces
  4502 | D:5      | Reached XP level 8. HP: 78/78 MP: 8/8
  4766 | D:3      | Found a burning altar of Makhleb.
  5120 | D:3      | Killed Terence
  5277 | D:6      | Reached skill level 5 in Unarmed Combat
  5564 | D:6      | Noticed a troll
  5578 | D:6      | Killed a troll
  5579 | D:6      | Reached skill level 6 in Shapeshifting
  5716 | D:6      | Reached *** piety under Makhleb
  6203 | D:7      | Reached skill level 7 in Shapeshifting
  6203 | D:7      | Reached XP level 9. HP: 70/77 MP: 11/11
  6603 | D:7      | Reached skill level 5 in Invocations
  6898 | D:7      | Found a staircase to the Ecumenical Temple.
  6970 | D:7      | Noticed a kobold demonologist
  6978 | D:7      | Noticed a kobold demonologist
  6981 | D:7      | Killed a kobold demonologist
  6990 | D:7      | Killed a kobold demonologist
  6999 | D:7      | Noticed a kobold demonologist
  7004 | D:7      | Noticed a smoke demon
  7006 | D:7      | Killed a kobold demonologist
  7158 | D:8      | Reached XP level 10. HP: 94/94 MP: 14/14
  7214 | D:8      | Found a sand-covered staircase.
  7223 | Ossuary  | Entered an ossuary
  7289 | Ossuary  | Reached **** piety under Makhleb
  7582 | D:8      | Reached skill level 1 in Armour
  7586 | D:8      | Reached skill level 5 in Fighting
  8164 | D:8      | Noticed a two-headed ogre
  8169 | D:8      | Killed a two-headed ogre
  8303 | D:3      | Killed gabibbone's ghost
  8307 | D:3      | Reached ***** piety under Makhleb
  8898 | D:9      | Reached skill level 8 in Shapeshifting
  9041 | D:10     | Entered Level 10 of the Dungeon
  9146 | D:10     | Identified the +1 sling of Destiny {flame, Str-2 Dex+6}
  9177 | D:10     | Found a glowing golden altar of the Shining One.
  9286 | D:10     | Noticed Fannar
  9319 | D:10     | Reached XP level 11. HP: 97/98 MP: 16/16
  9353 | D:10     | Noticed Lodul
  9378 | D:10     | Killed Lodul
  9382 | D:10     | Found a staircase to the Lair.
  9769 | D:10     | Noticed Grum
  9790 | D:10     | Killed Grum
  9873 | D:10     | Noticed Erica
 10102 | D:10     | Killed Erica
 10822 | D:11     | Noticed a two-headed ogre
 10842 | D:11     | Killed a two-headed ogre
 10920 | D:11     | Reached skill level 9 in Shapeshifting
 11079 | D:11     | Noticed a boulder beetle
 11090 | D:11     | Killed a boulder beetle
 11194 | D:11     | Found a staircase to the Orcish Mines.
 11426 | Lair:1   | Entered Level 1 of the Lair of Beasts
 11518 | Lair:1   | Noticed Urug
 11536 | Lair:1   | Killed Urug
 11537 | Lair:1   | Reached skill level 5 in Armour
 11537 | Lair:1   | Reached XP level 12. HP: 74/106 MP: 17/17
 12090 | Lair:1   | Noticed Maggie
 12111 | Lair:1   | Killed Maggie
 12593 | Lair:2   | Noticed a catoblepas
 12624 | Lair:2   | Killed a catoblepas
 12924 | Lair:2   | Found a staircase to the Shoals.
 13029 | Lair:2   | Reached skill level 10 in Invocations
 13032 | Lair:2   | Reached skill level 10 in Unarmed Combat
 13111 | Lair:2   | Found a runed translucent door.
 13113 | Lair:2   | Noticed Dopuerchorowk's ghost (journeyman TrFi)
 13120 | Lair:2   | Identified the +2 spear "Vuduf Zogg" {vamp, rF- rC++ rN++}
 13280 | Lair:2   | Identified the +1 scale mail of Inevitability {rN+}
 13513 | Lair:3   | Found a staircase to the Snake Pit.
 13707 | Lair:3   | Found a frozen archway.
 13739 | Lair:3   | Reached XP level 13. HP: 124/124 MP: 20/20
 13765 | IceCv    | Entered an ice cave
 13863 | IceCv    | Reached ****** piety under Makhleb
 14252 | IceCv    | Identified the ring of Attitude {rElec Str+6}
 14477 | Lair:3   | Reached skill level 5 in Evocations
 15453 | Lair:4   | You fall into a shaft and drop 1 floor!
 15453 | Lair:5   | Entered Level 5 of the Lair of Beasts
 15780 | Lair:4   | Noticed Josephine
 15788 | Lair:4   | Killed Josephine
 16366 | Lair:5   | Found a staircase to the Slime Pits.
 16366 | Lair:5   | Found a viscous altar of Jiyva.
 16415 | Lair:5   | Identified the ring of Washrumeo {rN++ Will- MP+9 Slay+2}
 16477 | Lair:5   | HP: 3/127 [death yak (23)]
 17652 | Lair:5   | Reached XP level 14. HP: 119/136 MP: 22/22
 18745 | Lair:5   | Found a viscous altar of Jiyva.
 18745 | Lair:5   | Found a staircase to the Slime Pits.
 19266 | D:10     | Killed Fannar
 19267 | D:10     | Reached skill level 5 in Dodging
 19321 | Orc:1    | Entered Level 1 of the Orcish Mines
 19381 | Orc:1    | Noticed Jorgrun
 19408 | Orc:1    | Killed Jorgrun
 19481 | Orc:1    | Noticed Harold
 19492 | Orc:1    | Noticed an orc warlord
 19493 | Orc:1    | Killed Harold
 19510 | Orc:1    | Killed an orc warlord
 19731 | Orc:1    | Found a radiant altar of Vehumet.
 19885 | Orc:1    | Reached skill level 10 in Shapeshifting
 20227 | Orc:2    | Entered Level 2 of the Orcish Mines
 20452 | Orc:2    | Found a burning altar of Makhleb.
 20697 | Orc:2    | Found Sutyom's Weapon Shoppe.
 20735 | Orc:2    | Reached XP level 15. HP: 98/146 MP: 23/23
 20749 | Orc:2    | Found Fyqo's Distillery.
 20749 | Orc:2    | Found Vemid's Assorted Antiques.
 20749 | Orc:2    | Found Wexon's Weapon Shoppe.
 20756 | Orc:2    | Found Pinkas's Magic Scroll Emporium.
 20777 | Orc:2    | Bought a scroll of identify for 68 gold pieces
 20777 | Orc:2    | Bought a wand of flame (3) for 71 gold pieces
 20779 | Orc:2    | Bought a potion of enlightenment for 80 gold pieces
 20779 | Orc:2    | Bought a potion of mutation for 128 gold pieces
 20779 | Orc:2    | Bought a potion of resistance for 160 gold pieces
 20780 | Orc:2    | Bought a scroll of identify for 28 gold pieces
 20780 | Orc:2    | Bought a scroll of revelation for 105 gold pieces
 20780 | Orc:2    | Bought a scroll of fear for 56 gold pieces
 20780 | Orc:2    | Bought a scroll of fear for 56 gold pieces
 20780 | Orc:2    | Bought a scroll of teleportation for 42 gold pieces
 20780 | Orc:2    | Bought a scroll of teleportation for 42 gold pieces
 20915 | Orc:2    | Found a staircase to the Elven Halls.
 22577 | D:13     | Found a gate to the Vaults.
 23520 | D:15     | Entered Level 15 of the Dungeon
 24251 | D:15     | Reached skill level 11 in Shapeshifting
 24255 | D:15     | Found a staircase to the Depths.
 24960 | Snake:1  | Entered Level 1 of the Snake Pit
 25129 | Snake:1  | You fall into a shaft and drop 1 floor!
 25129 | Snake:2  | Found Elae's Weapon Boutique.
 25129 | Snake:2  | Found Tunagiak's Distillery.
 25156 | Snake:2  | Bought a potion of lignification for 45 gold pieces
 25156 | Snake:2  | Bought a potion of lignification for 45 gold pieces
 25156 | Snake:2  | Bought a potion of lignification for 45 gold pieces
 25592 | Snake:1  | Identified the staff "Zisoif" {Contam +Blink rPois rC+
                  | Str+2 Poison}
 25615 | Snake:1  | Reached skill level 1 in Shields
 25638 | Snake:1  | Noticed Louise
 25639 | Abyss:3  | Cast into level 3 of the Abyss (Louise)
 25835 | Abyss:3  | Noticed a tentacled starspawn
 25849 | Abyss:3  | Killed a tentacled starspawn
 25882 | Abyss:3  | Reached XP level 16. HP: 134/156 MP: 25/25
 25937 | Snake:1  | Escaped the Abyss
 25948 | Snake:1  | Killed Louise
 26014 | Snake:1  | Reached skill level 5 in Shields
 27002 | Snake:1  | Noticed a thorn hunter
 27007 | Snake:1  | Killed a thorn hunter
 27019 | Snake:1  | Reached skill level 5 in Throwing
 27042 | Snake:1  | Noticed a tentacled monstrosity
 27053 | Snake:1  | Killed a tentacled monstrosity
 27895 | Snake:2  | Reached skill level 10 in Fighting
 28139 | Snake:2  | Found Egara's Dragon-Slaying Spoils.
 29157 | Snake:4  | Entered Level 4 of the Snake Pit
 29332 | Snake:4  | Noticed Aizul
 29345 | Snake:4  | Killed Aizul
 29346 | Snake:4  | Reached XP level 17. HP: 102/170 MP: 26/26
 30568 | Snake:4  | Identified a scroll of acquirement
 30569 | Snake:4  | Acquired 761 gold pieces
 30605 | Snake:4  | Got a serpentine rune of Zot
 30803 | Snake:2  | Bought a potion of heal wounds for 75 gold pieces
 30803 | Snake:2  | Bought 2 potions of might for 120 gold pieces
 30803 | Snake:2  | Bought a potion of enlightenment for 75 gold pieces
 30803 | Snake:2  | Bought a potion of curing for 45 gold pieces
 30803 | Snake:2  | Bought a potion of curing for 45 gold pieces
 30954 | Shoals:1 | Entered Level 1 of the Shoals
 31480 | Shoals:1 | Reached skill level 12 in Shapeshifting
 32002 | Shoals:2 | Reached skill level 15 in Invocations
 32447 | Shoals:2 | Identified the +10 longbow of Guilt {heavy, rCorr Dex+3}
 32472 | Shoals:2 | Found a hide-covered altar of Uskayaw.
 32591 | Shoals:2 | Reached skill level 13 in Shapeshifting
 33553 | Shoals:3 | Reached XP level 18. HP: 69/179 MP: 28/28
 33616 | Shoals:3 | Noticed Polyphemus
 33628 | Shoals:3 | Killed Polyphemus
 33629 | Shoals:3 | Reached skill level 14 in Shapeshifting
 33785 | Shoals:3 | Found Xalopon's Overcharged Wands.
 33918 | Shoals:3 | Bought a wand of mindburst (30) for 630 gold pieces
 33918 | Shoals:3 | Bought a wand of iceblast (18) for 648 gold pieces
 33918 | Shoals:3 | Bought a wand of digging (11) for 693 gold pieces
 33918 | Shoals:3 | Bought a wand of paralysis (18) for 648 gold pieces
 33931 | Shoals:3 | Noticed Ilsuiw
 33959 | Shoals:3 | Killed Ilsuiw
 34137 | Shoals:3 | Identified the +7 hand axe of Subjectivity {protect, *Rage
                  | MP+9 Int+9 Dex+4}
 34800 | Shoals:4 | Entered Level 4 of the Shoals
 34800 | Shoals:4 | Found an ornate altar of the Wu Jian Council.
 34816 | Shoals:4 | Paralysed by an air elemental for 1 turns
 34878 | Shoals:4 | Reached skill level 15 in Shapeshifting
 35336 | Shoals:4 | Paralysed by an air elemental for 1 turns
 35342 | Shoals:4 | Paralysed by an air elemental for 1 turns
 35516 | Shoals:4 | Found a blossoming altar of Fedhas.
 35859 | Shoals:4 | Paralysed by an air elemental for 1 turns
 35867 | Shoals:4 | Reached skill level 16 in Shapeshifting
 36404 | Shoals:4 | Got a barnacled rune of Zot
 36810 | Lair:2   | Killed Dopuerchorowk's ghost
 37132 | Elf:1    | Entered Level 1 of the Elven Halls
 37238 | Elf:1    | Reached skill level 17 in Shapeshifting
 37807 | Elf:1    | Reached XP level 19. HP: 180/181 MP: 29/29
 37991 | Elf:1    | Paralysed by an air elemental for 1 turns
 38191 | Elf:1    | Identified the +6 plate armour of the Lute {rN+ SInv}
 38458 | Elf:1    | Reached skill level 18 in Shapeshifting
 40047 | Elf:2    | Found Owigaick's Weapon Shoppe.
 40188 | Elf:2    | Noticed Nikola
 40199 | Elf:2    | Killed Nikola
 40264 | Elf:2    | Found a runed translucent gate.
 40265 | Elf:2    | Found a runed translucent gate.
 40265 | Elf:2    | Found a runed translucent gate.
 40533 | Elf:3    | Entered Level 3 of the Elven Halls
 40543 | Elf:3    | Reached skill level 19 in Shapeshifting
 40796 | Elf:2    | Bought 2 boomerangs for 80 gold pieces
 42375 | Elf:2    | Reached skill level 20 in Shapeshifting
 42394 | Abyss:4  | Cast into level 4 of the Abyss (+0 war axe of distortion)
 42669 | Abyss:5  | Noticed an ancient lich
 42691 | Abyss:5  | Found a corrupted altar of Lugonu.
 42726 | Abyss:5  | Found a glowing golden altar of the Shining One.
 42749 | Abyss:5  | Noticed a juggernaut
 42756 | Abyss:5  | Killed a juggernaut
 42757 | Abyss:5  | Reached XP level 20. HP: 101/195 MP: 18/30
 42760 | Abyss:5  | Got an abyssal rune of Zot
 42845 | Abyss:5  | Found a glowing golden altar of the Shining One.
 42878 | Elf:2    | Escaped the Abyss
 43524 | Elf:3    | Reached skill level 21 in Shapeshifting
 43672 | Elf:3    | Identified the +8 bardiche of Courage {elec, rF+ Str+4}
 44137 | Abyss:5  | Cast into level 5 of the Abyss (a deep elf sorcerer)
 44176 | Elf:3    | Escaped the Abyss
 44327 | Elf:3    | Found the +27 heavy crossbow "Sniper" {heavy, Acc+∞ SInv}
 44329 | Elf:3    | Identified the staff "Hulk" {rElec Int+4 Dex+3 Air}
 44350 | Elf:3    | Identified the staff "Jen Siumn" {Contam Fly rC+ Str+7
                  | Earth}
 44354 | Elf:3    | Identified the staff "Laixtumm" {rPois Dex+5 Stlth+ Conj
                  | Poison}
 44357 | Elf:3    | Identified the +0 rapier of Diet Blood {flame, +Blink rN+
                  | Will+}
 44409 | Elf:3    | Learned a level 2 spell: Blink
 44411 | Elf:3    | Learned a level 1 spell: Apportation
 44414 | Elf:3    | Learned a level 2 spell: Lesser Beckoning
 44831 | Vaults:1 | Entered Level 1 of the Vaults
 44843 | Vaults:1 | HP: 1/172 [yaktaur captain/bolt (31)]
 44844 | Vaults:1 | Shot with a bolt by a yaktaur captain

Illustrated notes

Levels and vault maps discovered:
D:1:      elethiomel_arrival_diamonds, layout_basic, minmay_pentomino_z4
D:2:      layout_rooms, minmay_curled_crystal, small_statue_intersection,
          grunt_ministairs_8
D:3:      minmay_chambers_of_threes, layout_basic,
          shapermc_ecumenical_altar_venn, gammafunk_ghost_necromancy,
          grunt_decor_clamped, uniq_terence
D:4:      minmay_chambers_of_fours, layout_layer_cave, kennysheep_crisscross,
          uniq_sigmund
D:5:      layout_basic, serial_shops, shop, nicolae_hexahallways
D:6:      layout_basic, chequers_serial_rivers_room_b
D:7:      layout_basic, minmay_temple_entry_fiery
D:8:      layout_loops_ring, lightli_ossuary_entry_decrepit_ruins, serial_ice,
          serial_ice_d, serial_ice_j, serial_ice_g, serial_ice_c,
          chequers_serial_rivers_small_3
D:9:      layout_rooms
D:10:     kennysheep_spiral_hall, layout_loops_corners,
          mainiacjoe_overflow_brackets, erik_lair_orcish_takeover, uniq_erica,
          uniq_fannar, uniq_lodul, uniq_grum
D:11:     layout_roguey, orc_0_dummy
D:12:     layout_roguey, minivault_4
D:13:     layout_loops_ring, david_vaults_4
D:14:     layout_roguey, roderic_lattice_octagonal_star
D:15:     hellmonk_depths_entry_around_the_bend, layout_loops_corners,
          kennysheep_pointless_box, drop_trap
Lair:1:   layout_gridlike, uniq_urug, uniq_maggie
Lair:2:   layout_chaotic_city, elwin_shoals_entry_rooms,
          ebering_ghost_funeral_grove, st_stairs_9
Lair:3:   layout_cave_pods, guppyfry_snake_entry_island,
          portal_ice_cave_entry_pillars_2, st_stairs_12, beast_lair_carwin_11,
          grunt_megastairs_3
Lair:4:   layout_regular_city, grunt_forest_large_clearing_hut, uniq_josephine
Lair:5:   evilmike_catoblepas_cave, layout_regular_city, slime_entry_1,
          evilmike_ambush [evilmike_ambush_outer_basic,
          evilmike_ambush_inner_cross]
Shoals:1: layout_shoals, nicolae_shoals_secluded_bog
Shoals:2: layout_shoals, regret_index_shoals_crete
Shoals:3: layout_shoals, nicolae_shop_overcharged_wands, uniq_polyphemus,
          uniq_ilsuiw
Shoals:4: shoals_end_hellmonk_storm_palace [storm_palace_center_ruins,
          storm_palace_corner_altar, storm_palace_corner_altar,
          storm_palace_corner_narrow, storm_palace_corner_grid]
Snake:1:  onia_ninara_swampy_vault, layout_chambers, grunt_ministairs_12,
          uniq_louise
Snake:2:  layout_concentric_octagons, nicolae_shop_dragon_depot,
          minmay_shoptagon
Snake:3:  layout_cave_town
Snake:4:  snake_pit, layout_basic, uniq_aizul
Orc:1:    layout_diamond_mine, basic_altar, minmay_orc_temple_c, uniq_harold,
          uniq_jorgrun
Orc:2:    st_orc_mages, layout_caves, serial_shops, shop, bloody_makhleb
Elf:1:    nicolae_elf_arrival_no_cutting_in_line, layout_loops_corners,
          minivault_28, nicolae_elf_deep_mausoleum
Elf:2:    nicolae_elf_blades_crystal_corner, layout_gridlike, serial_shops,
          nicolae_shop_peninsula, uniq_nikola
Elf:3:    elf_hall, layout_gridlike, serial_sigils_hangedman_shear
Vaults:1: portal_desolation_entry_holy_temple, nicolae_vaults_two_Ls, v_rooms_5,
          nicolae_vaults_more_shelving_1, hangedman_vaults_nails,
          vaults_mumra_hex, nicolae_vaults_meiosis,
          hangedman_vaults_corner_blocks, nicolae_vaults_closet_pinwheel_4,
          layout_vaults_big_room, serial_shops, nicolae_square_shop

Skill      XL: |  1  2  3  4  5  6  7  8  9 10 11 12 13 14 15 16 17 18 19 20 |
---------------+-------------------------------------------------------------+-----
Fighting       | 1 3 4 5 7 8 9 11 | 11.0
Stealth        | 1 2 |  2.0
Unarmed Combat | 4 5 7 8 10 11 12 13 14 | 14.1
Shapeshifting  | 4 5 7 8 9 10 11 13 17 20 21 | 21.8
Throwing       | 1 3 6 |  6.0
Invocations    | 2 4 7 8 9 10 12 13 14 15 | 15.0
Evocations     | 1 2 3 4 5 6 7 8 |  8.0
Dodging        | 2 3 4 5 |  5.0
Armour         | 4 5 6 7 8 |  8.0
Shields        | 3 6 |  6.0

Action                     |  1- 3 |  4- 6 |  7- 9 | 10-12 | 13-15 | 16-18 | 19-21 || total
---------------------------+-------+-------+-------+-------+-------+-------+-------++-------
  Melee: Unarmed           |    91 |   116 |   208 |   668 |  1295 |  1035 |   502 ||  3915
         Punch             |     2 |     2 |     8 |    14 |       |       |    18 ||    44
         Constrict         |       |       |       |       |       |     3 |       ||     3
  Throw: Stone             |       |    16 |    39 |    29 |       |       |       ||    84
         Dart              |       |     4 |     4 |     5 |       |     7 |     2 ||    22
         Throwing net      |       |       |       |     2 |       |       |     2 ||     4
         Boomerang         |       |       |       |       |       |   384 |   157 ||   541
 Invoke: Lesser Servant of |       |       |       |    12 |     3 |       |       ||    15
         Minor Destruction |       |       |       |     1 |     3 |    20 |       ||    24
         Greater Servant o |       |       |       |       |     7 |    28 |     9 ||    44
         Major Destruction |       |       |       |       |       |       |     2 ||     2
Ability: Begin Untransform |       |       |       |       |     1 |     1 |     1 ||     3
         Blinkbolt         |       |       |       |       |       |       |    30 ||    30
  Evoke: Wand              |       |     2 |     7 |    10 |    24 |    58 |    15 ||   116
         Phial of floods   |       |       |       |       |       |     1 |     3 ||     4
         Condenser vane    |       |       |       |       |       |     1 |     2 ||     3
         Box of beasts     |       |       |       |       |       |       |     2 ||     2
    Use: Scroll            |     3 |     5 |     6 |    16 |    19 |    15 |    14 ||    78
         Potion            |       |       |     2 |     2 |     4 |    22 |    15 ||    45
   Stab: Sleeping          |     1 |     1 |     1 |       |       |       |       ||     3
         Paralysed         |       |       |       |     5 |       |       |       ||     5
         Distracted        |       |       |       |       |     1 |     5 |     2 ||     8
         Invisible         |       |       |       |       |       |     2 |       ||     2
         Petrified         |       |       |       |       |       |     1 |       ||     1
         Held in net/web   |       |       |       |       |       |       |     1 ||     1
 Armour: Animal skin       |    53 |    56 |    78 |       |       |       |       ||   187
         Skin              |       |       |     4 |       |    22 |    73 |   158 ||   257
         Steam dragon scal |       |       |    46 |   238 |       |       |       ||   284
         Acid dragon scale |       |       |       |   224 |   777 |    55 |       ||  1056
         Swamp dragon scal |       |       |       |       |       |   648 |       ||   648
         Quicksilver drago |       |       |       |       |       |    54 |   229 ||   283
  Dodge: Dodged            |    33 |    34 |    56 |   220 |   697 |   486 |   263 ||  1789
  Block: Kite shield       |       |       |       |       |    16 |   525 |   172 ||   713
         Reflection        |       |       |       |       |     1 |    88 |    38 ||   127
   Form: Flux              |       |       |       |     1 |     1 |       |       ||     2
         Beast             |       |       |       |       |     1 |     6 |     3 ||    10
         Maw               |       |       |       |       |     1 |       |       ||     1
         Storm             |       |       |       |       |       |     5 |     3 ||     8
         Anaconda          |       |       |       |       |       |     1 |       ||     1

Table legend: (Time is in decaauts)
 A = Elapsed time spent in this place.
 B = Non-inter-level travel time spent in this place.
 C = Inter-level travel time spent in this place.
 D = Time resting spent in this place.
 E = Time spent auto-exploring this place.
 F = Levels seen in this place.
 G = Mean time per level.
                   A        B        C        D        E       F      G
               +--------+--------+--------+--------+--------+-----+--------+
         Total |  44210 |  40827 |   3383 |   3023 |  25373 |  40 | 1105.2 |
       Dungeon |  15112 |  13696 |   1416 |    253 |  10069 |  15 | 1007.5 |
          Lair |   7564 |   7067 |    497 |    742 |   4432 |   5 | 1512.8 |
        Shoals |   5738 |   5401 |    337 |    179 |   3475 |   4 | 1434.5 |
     Snake Pit |   5497 |   5185 |    312 |    285 |   3144 |   4 | 1374.2 |
  Orcish Mines |   1904 |   1587 |    317 |      0 |    930 |   2 |  952.0 |
   Elven Halls |   6856 |   6354 |    502 |   1417 |   2952 |   3 | 2285.3 |
        Vaults |     10 |     10 |      0 |      0 |      0 |   1 |   10.0 |
         Abyss |    726 |    726 |      0 |     97 |      0 |   4 |  181.5 |
       Ossuary |    234 |    234 |      0 |      0 |     75 |   1 |  234.0 |
      Ice Cave |    565 |    565 |      0 |     47 |    296 |   1 |  565.0 |
               +--------+--------+--------+--------+--------+-----+--------+

Top non-repeatable levels by time:
  Lair:5: 2796 daAuts
   Elf:1: 2778 daAuts
   Elf:2: 2068 daAuts
   Elf:3: 2008 daAuts
 Snake:1: 1912 daAuts
Shoals:4: 1767 daAuts
Shoals:2: 1617 daAuts
    D:10: 1568 daAuts
 Snake:4: 1502 daAuts
     D:3: 1481 daAuts
  Lair:3: 1342 daAuts
  Lair:2: 1292 daAuts
     D:4: 1284 daAuts
Shoals:3: 1261 daAuts
    D:15: 1230 daAuts
